 Dungeon Crawl Stone Soup version 0.30-a0-989-g0d87f670db (webtiles) character file.

Game seed: 16265661674135560752

85 DeathPants the Grave Robber (level 4, -1/22 HPs)
             Began as a Vine Stalker Necromancer on Apr 2, 2023.
             Succumbed to Terence's poison
             ... on level 2 of the Dungeon.
             The game lasted 00:03:55 (1219 turns).

DeathPants the Grave Robber (VSNe)                  Turns: 1219, Time: 00:03:55

Health: -1/22      AC:  3    Str: 11    XL:     4   Next: 48%
Magic:  6/9        EV: 12    Int: 15    God:
Gold:   56         SH:  0    Dex: 16    Spells: 7/8 levels left

rFire   . . .      SeeInvis .    a - +3 war axe (flame)
rCold   . . .      Faith    .    (no shield)
rNeg    . . .      Spirit   +    h - +0 robe
rPois   .          Reflect  .    (no helmet)
rElec   .          Rampage  .    (no cloak)
rCorr   .                        (no gloves)
Will    .....                    f - +0 pair of boots
Stlth   ++                       (no amulet)
HPRegen 1.03/turn                (no ring)
MPRegen 0.11/turn                (no ring)

@: lethally poisoned (-1 -> -23)
A: fangs 2, regeneration 1, magic shield, antimagic bite, no potion heal 2
a: no special abilities


You were on level 2 of the Dungeon.
You visited 1 branch of the dungeon, and saw 2 of its levels.

You collected 56 gold pieces.

Inventory:

Hand Weapons
 a - a +3 war axe of flaming (weapon)
Armour
 f - a +0 pair of boots (worn)
 h - a +0 robe (worn)
Scrolls
 c - a scroll of brand weapon {unknown}
 d - 2 scrolls of identify {unknown}
 e - a scroll of teleportation {unknown}
 i - a scroll of poison {unknown}
 j - a scroll of blinking {unknown}
 l - a scroll of immolation {unknown}
Potions
 b - 2 potions of magic
 g - 2 potions of curing {unknown}
 k - a potion of ambrosia {unknown}


   Skills:
 + Level 1.3 Fighting
 * Level 1.3 Axes
 - Level 2.1 Dodging
 - Level 2.4 Stealth
 + Level 2.8 Spellcasting
 + Level 4.4 Necromancy


You had 7 spell levels left.
You knew the following spells:

 Your Spells              Type           Power      Damage    Failure   Level
a - Necrotise             Necr           60%        1d7       3%          1

Your spell library contained the following spells:

 Spells                   Type           Power      Damage    Failure   Level
 Vampiric Draining        Necr           15%        2d7       10%         3
 Animate Dead             Necr           15%        N/A       32%         4
 Agony                    Necr           15%        N/A       67%         5


Dungeon Overview and Level Annotations

Branches:
Dungeon (2/15)

Altars:

Annotations:
D:2 Terence


Innate Abilities, Weirdness & Mutations

You have extremely sharp teeth.
Your natural rate of healing is unusually fast.
When hurt, damage is shared between your health and your magic reserves.
Your bite disrupts and absorbs the magic of your enemies.
Potions cannot restore your health.


Message History

Natasha is severely wounded.
Natasha claws you.
You slash Natasha! You burn Natasha.
You kill Natasha!
Natasha screams in pain as she dies!
Your Axes skill increases to level 1!
You see here the felid corpse of Natasha.
You now have 56 gold pieces (gained 11).
k - an inky potion
l - a scroll labelled REDDIXU UNENY You see here a +0 spear.
A goblin comes into view. It is wielding a +0 club.
Terence the Incautious comes into view.
He is wielding a +0 trident of venom and wearing a +3 ring mail of cold resistance.
The goblin shouts!
Terence shouts!
The goblin hits you but does no damage.
You slash the goblin! You burn the goblin.
You kill the goblin!
Terence shouts, "Now you die!" Terence barely misses you.
Terence completely misses you.
You hit Terence. You burn Terence.
Terence is moderately wounded.
Terence shouts, "Get ready for death!"
Terence barely misses you.
Terence hits you with a +0 trident of venom.
You are poisoned.
You barely miss Terence.
Terence is lightly wounded.
You feel very sick. Terence barely misses you.
You slash Terence! You burn Terence. You bite Terence, but do no damage.
Terence is severely wounded.
You feel very sick.
Terence hits you with a +0 trident of venom.
You are lethally poisoned!
Terence hits you with a +0 trident of venom.
You are more poisoned.
You barely miss Terence.
Terence is severely wounded.
You die...

..#...#...#...# .##
..##..#...#...##..#
##..#..###.###..#.#
....#..)........#.#
##..#..###.###..#.#
..##..#...#...##..#
..#...#...#...#..)#
..#..###..#...#...#
##..#...#..###..@.#
#...#...#...#...@##
#...#...##..#....#
.###.###..#..##..#
..........#.. ..##
..........#. ...
..#..##.......##
####.^##.#####
##....#


You could see Terence.

Vanquished Creatures
  Natasha (twice) (D:2)
  A dart slug (D:1)
  An endoplasm (D:1)
  2 giant cockroaches (D:1)
  3 goblins
  9 hobgoblins
  3 jackals (D:2)
  2 quokkas (D:1)
  2 ball pythons (D:1)
  2 frilled lizards (D:1)
  2 kobolds (D:1)
  2 rats (D:1)
31 creatures vanquished.

Vanquished Creatures (collateral kills)
  A goblin (D:1)
1 creature vanquished.

Grand Total: 32 creatures vanquished

Notes
Turn   | Place    | Note
-------+----------+-------------------------------------------
     0 | D:1      | DeathPants the Vine Stalker Necromancer began the quest for
                  | the Orb.
     0 | D:1      | Reached XP level 1. HP: 9/9 MP: 4/4
   342 | D:1      | Reached XP level 2. HP: 12/14 MP: 1/6
   801 | D:1      | Reached XP level 3. HP: 14/17 MP: 4/7
   852 | D:1      | Reached skill level 1 in Fighting
  1121 | D:2      | Noticed Natasha
  1126 | D:2      | Killed Natasha
  1127 | D:2      | Gained mutation: Your natural rate of healing is unusually
                  | fast. [Vine Stalker growth]
  1127 | D:2      | Reached XP level 4. HP: 22/22 MP: 7/9
  1156 | D:2      | Noticed Natasha
  1175 | D:2      | Killed Natasha
  1176 | D:2      | Reached skill level 1 in Axes
  1211 | D:2      | Noticed Terence
  1219 | D:2      | Succumbed to Terence's poison

Illustrated notes

Levels and vault maps discovered:
D:1:      tarquinn_simple_flora_water_a, layout_basic
D:2:      layout_basic, serial_glass, glass_columns_c, glass_columns_a,
          nicolae_titane, uniq_sigmund, uniq_natasha, uniq_terence

Skill      XL: |  1  2  3  4 |
---------------+-------------+-----
Dodging        | 2 |  2.1
Fighting       | 1 |  1.3
Axes           | 1 |  1.3
Stealth        | |  2.4
Spellcasting   | |  2.8
Necromancy     | |  4.4

Action                     |  1- 3 |  4- 6 || total
---------------------------+-------+-------++-------
  Melee: Unarmed           |     2 |       ||     2
         Dagger            |    34 |       ||    34
         Bite              |     8 |     2 ||    10
         War axe           |    10 |    14 ||    24
         Punch             |       |     1 ||     1
   Cast: Necrotise         |    21 |       ||    21
   Stab: Sleeping          |     3 |       ||     3
 Armour: Robe              |     5 |     3 ||     8
  Dodge: Dodged            |    29 |    10 ||    39

Table legend: (Time is in decaauts)
 A = Elapsed time spent in this place.
 B = Non-inter-level travel time spent in this place.
 C = Inter-level travel time spent in this place.
 D = Time resting spent in this place.
 E = Time spent auto-exploring this place.
 F = Levels seen in this place.
 G = Mean time per level.
                   A        B        C        D        E       F      G
               +--------+--------+--------+--------+--------+-----+--------+
         Total |   1229 |   1202 |     27 |      0 |    916 |   2 |  614.5 |
       Dungeon |   1229 |   1202 |     27 |      0 |    916 |   2 |  614.5 |
               +--------+--------+--------+--------+--------+-----+--------+

Top non-repeatable levels by time:
     D:1: 1094 daAuts
     D:2: 135 daAuts
